 Dungeon Crawl Stone Soup version 0.19-a0-1937-g70ed36a (webtiles) character file.

302 varam the Destroyer (level 6, -4/32 HPs)
             Began as a Deep Elf Conjurer on Oct 26, 2016.
             Killed by divine providence
             ... invoked by an orc priest
              (17 damage)
             ... on level 3 of the Dungeon.
             The game lasted 00:08:09 (3532 turns).

varam the Destroyer (Deep Elf Conjurer)             Turns: 3532, Time: 00:08:10

Health: -4/32      AC:  7    Str:  7    XL:     6   Next: 14%
Magic:  0/12       EV: 13    Int: 20    God:
Gold:   161        SH:  0    Dex: 15    Spells: 3 memorised, 3 levels left

rFire  . . .     SeeInvis .     m - +1 spear (pain)
rCold  + . .     Gourm    .     a - +0 robe
rNeg   . . .     Faith    .     (no shield)
rPois  .         Spirit   .     u - +0 helmet
rElec  .         Reflect  .     i - +0 cloak
rCorr  .         Harm     .     y - +2 pair of gloves
MR     .....                    (no boots)
Stlth  ++........               (no amulet)
                                (no ring)
                                r - ring of protection from cold

@: no status effects
A: no striking features
a: no special abilities


You were on level 3 of the Dungeon.
You were not hungry.

You visited 1 branch of the dungeon, and saw 4 of its levels.

You collected 161 gold pieces.

Inventory:

Hand Weapons
 m - a +1 spear of pain (weapon)
Armour
 a - a +0 robe (worn)
 i - a +0 cloak (worn)
 u - a +0 helmet (worn)
 y - a +2 pair of gloves (worn)
Jewellery
 r - a ring of protection from cold (left hand)
Scrolls
 d - 3 scrolls of blinking {unknown}
 e - 4 scrolls of identify {unknown}
 g - a scroll of enchant weapon {unknown}
 h - a scroll of teleportation {unknown}
 j - a scroll of fear {unknown}
 l - a scroll of remove curse {unknown}
 n - 3 scrolls of enchant armour {unknown}
 o - 2 scrolls of magic mapping {unknown}
 p - a scroll of fog {unknown}
 s - 2 scrolls of amnesia {unknown}
Potions
 k - a potion of beneficial mutation {unknown}
 q - a potion of might {unknown}
Books
 b - a book of Conjurations

   Spells                             Type                      Level
   a - Magic Dart                     Conjuration                  1
   b - Searing Ray                    Conjuration                  2
   c - Dazzling Spray                 Conjuration/Hexes            3
   d - Fulminant Prism                Conjuration/Hexes            4
   e - Iskenderun's Mystic Blast      Conjuration                  4
   f - Iskenderun's Battlesphere      Conjuration/Charms           5
Comestibles
 c - 6 bread rations
 f - 2 fruits
 t - a meat ration
 v - 2 chunks of flesh
 w - a slice of pizza


   Skills:
 - Level 2.4 Dodging
 - Level 2.4 Stealth
 - Level 3.0 Spellcasting
 - Level 8.0 Conjurations
 + Level 1.9 Charms


You had 3 spell levels left.
You knew the following spells:

 Your Spells              Type           Power        Failure   Level  Hunger
a - Magic Dart            Conj           ####         1%          1    None
b - Searing Ray           Conj           #####.       1%          2    ##.....
c - Iskenderun's Battles  Conj/Chrm      ###.....     58%         5    ######.


Dungeon Overview and Level Annotations

Branches:
Dungeon (4/15)
 Temple: D:4-7

Altars:
Cheibriados
Dithmenos
Fedhas
Nemelex Xobeh
Okawaru
Ru
Sif Muna


Message History

Confirm with . or Enter, or press ? or * to list all spells.
Aiming: Magic Dart
Press: ? - help, Shift-Dir - straight line, f - orc priest
Aim: an orc priest, wielding a falchion The magic dart hits the orc priest.
The orc priest is moderately wounded.
An orc comes into view.
The orc shouts!
You hit the orc priest.
The orc priest is heavily wounded.
The orc priest mumbles some strange prayers to Beogh against you.
Beogh smites you!
You closely miss the orc priest.
The orc priest is heavily wounded.
The orc priest calls down the wrath of Beogh upon you.
Pain shoots through your body!
The orc priest calls down the wrath of Beogh upon you.
Beogh smites you!
Ouch! That really hurt!
You die...

#######......<........#.....
#...........................
#..........[................
+.........[..)..............
#...........................
#............######.........
#..........### #.........
#........#[#### ##.#......
###........@..# .####.
#.#..#.####o# .# #.##.#.#
#o# . # #.# . #.# #)# #....#
####.oo.o ####


You could see an orc priest.

Vanquished Creatures
  An ogre (D:3)
  A hound (D:4)
  An orc priest (D:3)
  A gnoll (D:4)
  4 adders
  An ooze (D:2)
  A worm (D:3)
  4 dart slugs
  A leopard gecko (D:3)
  9 orcs
  A ball python (D:1)
  4 bats
  2 giant cockroaches
  6 goblins
  8 hobgoblins
  14 jackals
  2 quokkas (D:3)
  2 frilled lizards
  8 kobolds
  9 rats
80 creatures vanquished.

Notes
Turn   | Place    | Note
-------+----------+-------------------------------------------
     0 | D:1      | varam the Deep Elf Conjurer began the quest for the Orb.
     0 | D:1      | Reached XP level 1. HP: 10/10 MP: 6/6
   603 | D:1      | Reached skill level 5 in Conjurations
   603 | D:1      | Reached XP level 2. HP: 15/15 MP: 4/8
   607 | D:1      | Learned a level 2 spell: Searing Ray
  1059 | D:2      | Reached XP level 3. HP: 17/19 MP: 5/9
  1516 | D:2      | Found a shadowy altar of Dithmenos.
  1840 | D:2      | Reached skill level 6 in Conjurations
  1892 | D:2      | Reached XP level 4. HP: 24/24 MP: 5/10
  1929 | D:2      | Found a deep blue altar of Sif Muna.
  1931 | D:2      | Found a sparkling altar of Nemelex Xobeh.
  1931 | D:2      | Found a sacrificial altar of Ru.
  1931 | D:2      | Found a blossoming altar of Fedhas.
  1937 | D:2      | Found a snail-covered altar of Cheibriados.
  1937 | D:2      | Found an iron altar of Okawaru.
  2173 | D:3      | Noticed an ogre
  2749 | D:3      | Killed an ogre
  2749 | D:3      | Reached skill level 7 in Conjurations
  2749 | D:3      | Reached XP level 5. HP: 28/28 MP: 1/11
  3476 | D:3      | Reached skill level 8 in Conjurations
  3490 | D:3      | Reached XP level 6. HP: 29/32 MP: 5/12
  3502 | D:3      | Learned a level 5 spell: Iskenderun's Battlesphere
  3527 | D:3      | Reached skill level 1 in Charms
  3532 | D:3      | Killed from afar by an orc priest

Vault maps used:
D:1:      nicolae_arrival_somewhat_less_tricky_arrival
D:2:      grunt_dithmenos_smoke, grunt_temple_overflow_open
D:3:      first_bread

Skill      XL: |  1  2  3  4  5  6 |
---------------+-------------------+-----
Conjurations   | 5 6 7 8 |  8.0
Charms         | 1 |  1.9
Dodging        | |  2.4
Stealth        | |  2.4
Spellcasting   | |  3.0

Action                   |  1- 3 |  4- 6 || total
-------------------------+-------+-------++-------
Melee: Unarmed           |     1 |       ||     1
       Spear             |       |    11 ||    11
 Cast: Magic Dart        |    75 |    71 ||   146
       Searing Ray       |     2 |     8 ||    10
  Eat: Chunk             |     2 |     5 ||     7
       Fruit             |       |     1 ||     1
Armor: Robe              |     8 |    13 ||    21
Dodge: Dodged            |    35 |    19 ||    54
